 Dungeon Crawl Stone Soup version 0.15.1-3-g1b33baa (webtiles) character file.

2002 Chiseanne the Charlatan (level 9, -1/72 HPs)
             Began as a Centaur Artificer on Oct 8, 2014.
             Was a Follower of Ashenzari.
             Slain by a killer bee (6 damage)
             ... on Level 7 of the Dungeon.
             The game lasted 00:28:38 (7572 turns).

Chiseanne the Charlatan (Centaur Artificer)         Turns: 7572, Time: 00:28:39

HP  -1/72        AC  9     Str 13      XL: 9   Next:  2%
MP  15/15        EV  6     Int 11      God: Ashenzari [*.....]
Gold 170         SH  0     Dex 14      Spells:  0 memorised,  8 levels left

rFire  . . .     SeeInvis .     i - +3 dagger (distort)
rCold  . . .     Clarity  .     k - +0 scale mail (curse)
rNeg   + . .     rCorr    .     (no shield)
rPois  .         rRot     .     z - +0 helmet
rElec  .         Spirit   .     q - +0 cloak (curse)
SustAb .         Warding  .     (no gloves)
rMut   .         Stasis   .     (no barding)
Gourm  +                        C - amulet of the gourmand
MR     +....                    m - cursed ring of positive energy
                                j - ring of protection from magic

@: lethally poisoned, very quick, somewhat resistant to hostile enchantments,
extremely unstealthy
A: hooves 3, deformed body, speed 2, tough skin 3
a: Renounce Religion


You were on level 7 of the Dungeon.
You worshipped Ashenzari.
Ashenzari was aware of your devotion.
You were hungry.

You visited 1 branch of the dungeon, and saw 7 of its levels.
You also visited: Sewer.

You collected 170 gold pieces.

Inventory:

Hand weapons
 a - a +2 flail
 i - a +3 dagger of distortion (weapon)
 w - a +0 blowgun
Missiles
 d - 2 curare-tipped needles
 o - 20 poisoned needles
 p - 3 tomahawks (quivered)
 x - 7 arrows of frost
 B - 35 arrows
Armour
 k - a cursed +0 scale mail (worn)
 q - a cursed +0 cloak (worn)
 z - a +0 helmet (worn)
Magical devices
 b - a wand of digging (13)
 c - a wand of enslavement (0)
Comestibles
 f - 4 bread rations
 g - 3 meat rations
 h - a royal jelly
 t - a chunk of hobgoblin flesh
 v - a slice of pizza
 A - 3 fruits
Scrolls
 u - 2 scrolls of fear
 y - 2 scrolls of fog
 G - a scroll of amnesia
 H - a scroll of teleportation
 I - a scroll of identify
Jewellery
 j - a ring of protection from magic (left hand)
 l - an uncursed ring of teleportation
 m - a cursed ring of positive energy (right hand)
 C - an amulet of the gourmand (around neck)
Potions
 e - a potion of curing
 n - 3 potions of flight
 r - a potion of invisibility
 s - a potion of lignification
 E - a potion of heal wounds
 F - a potion of haste {unknown}
Rods
 D - a cursed +0 rod of the swarm (12/12)
   (You acquired it on level 7 of the Dungeon)


   Skills:
 * Level 4.6 Fighting
 - Level 0.8 Short Blades
 * Level 5.0 Armour
 * Level 5.0 Dodging
 - Level 0.5 Stealth
 * Level 5.9 Evocations


You had 8 spell levels left.
You didn't know any spells.

Dungeon Overview and Level Annotations

Branches:
Dungeon (7/15)             Temple (0/1) D:4

Altars:
Ashenzari
Dithmenos
Kikubaaqudgha
Nemelex Xobeh
Xom
Yredelemnul
Zin

Shops:
D:6 (

Annotations:
D:4 exclusion: downstairs
D:5 Thrillho's ghost, average CeHu


Innate Abilities, Weirdness & Mutations

You have hooves in place of feet.
Armour fits poorly on your strangely shaped body.
You cover ground very quickly.
You have extremely tough skin (AC +3).


Message History

The killer bee stings you but does no damage.
You see here a scroll of identify.
I - a scroll of identify The killer bee stings you but does no damage. x2
You barely miss the killer bee. The killer bee stings you.
* * * LOW HITPOINT WARNING * * *
You are poisoned.
The killer bee poisons you!
The killer bee stings you but does no damage.
You hit the killer bee.
Space bends around the killer bee.
The killer bee is moderately wounded.
You feel sick. The killer bee barely misses you. The killer bee stings you!
* * * LOW HITPOINT WARNING * * *
You hit the killer bee.
Space bends around the killer bee.
Your kick misses the killer bee.
The killer bee is severely wounded.
You feel sick. The killer bee stings you.
* * * LOW HITPOINT WARNING * * *
The killer bee stings you.
You die...

..# # ### #.####
###.######(...
##......##..#
##......##..##
##(.....'....#
##......#)#..#
##......#[#..######.#
(.......#....rgy@...#
#..)....##....#######
..(.....##.##.#
...........#....
........####......
.#..#+### #......
.#..# #...... ##..#
###..# #...# .


You could see a killer bee, a hobgoblin and a rat.

Vanquished Creatures
  Pikel (D:7)
  An ice beast (D:6)
  2 phantoms
  A sky beast (D:6)
  3 ogres
  2 centaurs (D:5)
  A slave (D:7)
  A giant frog (D:6)
  A big kobold (Sewer)
  3 wights (D:6)
  3 killer bees (D:7)
  4 crimson imps
  2 centaur skeletons
  A worker ant (D:4)
  An ogre zombie (D:6)
  Terence (D:2)
  6 adders
  2 green rats (Sewer)
  3 gnolls (D:3)
  4 worms
  4 giant mites (D:3)
  An ooze (D:1)
  4 orcs
  A ball python (D:2)
  8 giant cockroaches
  9 hobgoblins
  14 jackals
  3 quokkas
  11 bats
  2 giant geckos
  A giant newt (D:2)
  10 goblins
  A jackal zombie (D:5)
  12 kobolds
  39 rats
163 creatures vanquished.

Vanquished Creatures (collateral kills)
  2 rats (Sewer)
2 creatures vanquished.

Vanquished Creatures (others)
  2 slaves (D:7)
2 creatures vanquished.

Grand Total: 167 creatures vanquished

Notes
Turn   | Place    | Note
--------------------------------------------------------------
     0 | D:1      | Chiseanne, the Centaur Artificer, began the quest for the Orb.
     0 | D:1      | Reached XP level 1. HP: 16/16 MP: 1/1
   151 | D:1      | Reached skill level 3 in Evocations
   241 | D:1      | Reached XP level 2. HP: 23/23 MP: 3/3
   927 | D:2      | Reached XP level 3. HP: 28/28 MP: 4/4
  1114 | D:2      | Noticed Terence
  1124 | D:2      | Killed Terence
  1469 | D:3      | Reached XP level 4. HP: 34/36 MP: 5/5
  1528 | D:3      | Noticed a phantom
  1613 | D:3      | Reached skill level 4 in Evocations
  1633 | D:3      | Found a shattered altar of Ashenzari.
  1636 | D:3      | Became a worshipper of Ashenzari the Shackled
  1692 | D:3      | Found a glowing drain.
  1735 | D:3      | Reached XP level 5. HP: 12/41 MP: 7/7
  1861 | Sewer    | Entered a sewer
  2154 | Sewer    | Found a white marble altar of Elyvilon.
  3284 | D:3      | Killed a phantom
  3284 | D:3      | Reached XP level 6. HP: 41/51 MP: 7/9
  3551 | D:4      | Reached skill level 5 in Evocations
  3864 | D:4      | Found a sparkling altar of Nemelex Xobeh.
  3922 | D:4      | Found a staircase to the Ecumenical Temple.
  4046 | D:4      | Reached skill level 1 in Armour
  4304 | D:4      | Reached XP level 7. HP: 41/57 MP: 11/11
  4486 | D:5      | Entered Level 5 of the Dungeon
  4942 | D:5      | Noticed Thrillho's ghost (average CeHu)
  5944 | D:6      | Found a shimmering altar of Xom.
  5949 | D:6      | Found an ancient bone altar of Kikubaaqudgha.
  6001 | D:6      | Found Wuat's Weapon Emporium.
  6133 | D:6      | Found a basalt altar of Yredelemnul.
  6337 | D:6      | Reached XP level 8. HP: 64/66 MP: 13/13
  6369 | D:6      | Found a glowing silver altar of Zin.
  7450 | D:7      | Found a shadowy altar of Dithmenos.
  7494 | D:7      | Identified a scroll of acquirement
  7525 | D:7      | Noticed Pikel
  7547 | D:7      | Killed Pikel
  7547 | D:7      | Reached skill level 5 in Armour
  7547 | D:7      | Reached skill level 5 in Dodging
  7547 | D:7      | Reached XP level 9. HP: 46/72 MP: 15/15
  7572 | D:7      | Slain by a killer bee

Action                   |  1- 3 |  4- 6 |  7- 9 || total
-------------------------+-------+-------+-------++-------
Melee: Short sword       |    98 |       |       ||    98
       Long sword        |    23 |   215 |   143 ||   381
       Dagger            |       |       |   117 ||   117
 Fire: Blowgun           |       |     7 |       ||     7
Throw: Tomahawk          |       |       |     8 ||     8
Evoke: Wand              |    18 |    32 |    10 ||    60
  Use: Scroll            |     3 |     5 |     8 ||    16
       Potion            |       |     3 |     2 ||     5
 Stab: Paralysed         |     4 |       |       ||     4
       Invisible         |       |     2 |       ||     2
  Eat: Chunk             |     1 |     8 |     8 ||    17
       Fruit             |       |       |     2 ||     2
